 Dungeon Sprint DCSS version 0.27.1-2-g3b301248ec (webtiles) character file.

Game seed: 13334542245260779042

1461 boopmooplesden the Cleaver (level 8, -10/66 HPs)
             Began as a Minotaur Fighter on Sept 22, 2021.
             Shot with a bolt by a yaktaur captain (37 damage)
             ... in the Dungeon (Sprint II: "The Violet Keep of Menkaure").
             The game lasted 00:01:08 (577 turns).

boopmooplesden the Cleaver (Minotaur Fighter)        Turns: 577, Time: 00:01:08

Health: -10/66     AC:  6    Str: 23      XL:     8   Next: 48%
Magic:  7/7        EV: 10    Int:  4 (5)  God:
Gold:   972        SH: 12    Dex:  8      Spells: 7/7 levels left

rFire    . . .     SeeInvis +   a - +0 war axe
rCold    . . .     Faith    .   c - +0 kite shield
rNeg     . . .     Spirit   .   b - +0 scale mail
rPois    .         Reflect  .   (helmet restricted)
rElec    .         Harm     .   (no cloak)
rCorr    .         Rampage  .   (no gloves)
Will     .....     NoTele   +   (no boots)
Stlth    ..........             (no amulet)
HPRegen  0.21/turn              (no ring)
MPRegen  0.10/turn              (no ring)

@: very slow
A: horns 2, retaliatory headbutt, see invisible, clumsy 1, deformed body,
deterioration 1, frail 2, no potion heal 1
a: no special abilities


You were in the Dungeon.
You visited 1 branch You collected 972 gold pieces.

Inventory:

Hand Weapons
 a - a +0 war axe (weapon)
Armour
 b - a +0 scale mail (worn)
 c - a +0 kite shield (worn)
Scrolls
 j - a scroll of blinking
Potions
 d - a potion of might
 e - a potion of curing
 f - a potion of heal wounds
 h - 2 potions of magic
 i - a potion of berserk rage


   Skills:
 + Level 11.8 Fighting
 + Level 12.2 Axes
 + Level 11.1 Armour
 + Level 2.4 Dodging
 + Level 11.1 Shields


You had 7 spell levels left.
You didn't know any spells.
Your spell library was empty.

Dungeon Overview and Level Annotations

Branches:
Dungeon (1/1)

Altars:

Shops:
D =!!=([!![?

Annotations:
D Kirke


Innate Abilities, Weirdness & Mutations

You have a pair of horns on your head.
You reflexively headbutt those who attack you in melee.
You have supernaturally acute eyesight. (SInv)
You are clumsy. (Dex -2)
Armour fits poorly on your strangely shaped body.
Your body sometimes deteriorates upon taking damage.
You are very frail. (-20% HP)
Potions are less effective at restoring your health.


Message History

You enter the shallow water.
Moving in this stuff is going to be slow.
A water moccasin comes into view.
Found a glowing scale mail and 23 bolts.
Found three shops.
There is an open door here.
The water moccasin bites you!
You slash the water moccasin! You headbutt the water moccasin!
The water moccasin is almost dead.
The water moccasin bites you.
You hit the water moccasin.
You kill the water moccasin!
Your Axes skill increases to level 12!
There is an open door, spattered with blood here.
You enter the shallow water.
Moving in this stuff is going to be slow.
The walls and floor vibrate strangely for a moment.
A centaur warrior, a yaktaur captain and Kirke come into view.
The flying skull gives a hideous shriek!
Kirke shouts!
The flying skull gives a hideous shriek!
You hear a hideous shriek!
You hear a shout!
You hear a hideous shriek!
You hear a trumpeting!
You hear an angry growl. x2
The yaktaur captain wields a +0 arbalest.
The yaktaur captain shoots a bolt.
You block the bolt.
Kirke moves out of view.
You hear a hideous shriek! x3
A skeletal warrior comes into view. It is wielding a +0 halberd.
You enter the shallow water.
Moving in this stuff is going to be slow.
The flying skull gives a hideous shriek!
You hear a hideous shriek!
The skeletal warrior moves out of view.
You hear a hideous shriek!
You hear a hideous shriek!
The yaktaur captain shoots a bolt.
The bolt hits you!
Your body deteriorates!
You feel dopey.
The yaktaur captain shoots a bolt.
The bolt hits you!
The yaktaur captain shoots a bolt.
The bolt hits you!!!
Ouch! That really hurt!
You die...

# °. cz#### ... .c≈##
☼.
########≈≈#+++#+++#
#######≈≈≈.........
......#≈≈≈≈.##+#
..⌠...#≈≈≈≈###.###
.∩.∩..#≈≈≈≈#..#..#
∩.∩.∩.#≈@####.#.####
.∩...∩#≈##.###'###.##
∩...∩.#≈#...##.##.#.#
.....∩+≈'.#)'.<.†###+
......#≈#...##.##.#.#
▓▓▓▓###≈##.###'###.#
[######≈≈####.######
( ##≈ #.##..# +
##...#


You could see a yaktaur captain.

Vanquished Creatures
  A merfolk siren (D)
  2 wyverns (D)
  4 neqoxecs (D)
  A water moccasin (D)
  4 scorpions (D)
12 creatures vanquished.

Vanquished Creatures (others)
  A water moccasin (D)
1 creature vanquished.

Grand Total: 13 creatures vanquished

Notes
Turn   | Place    | Note
-------+----------+-------------------------------------------
     0 | D        | boopmooplesden the Minotaur Fighter began the quest for the
                  | Orb.
     0 | D        | Reached XP level 1. HP: 19/19 MP: 0/0
     1 | D        | Noticed a scorpion
     1 | D        | Noticed a scorpion
     1 | D        | Noticed a scorpion
     1 | D        | Noticed a scorpion
     9 | D        | Killed a scorpion
    10 | D        | Reached skill level 3 in Axes
    10 | D        | Reached XP level 2. HP: 23/30 MP: 1/1
    10 | D        | Reached XP level 3. HP: 28/37 MP: 2/2
    12 | D        | Killed a scorpion
    13 | D        | Reached skill level 4 in Axes
    13 | D        | Reached XP level 4. HP: 17/47 MP: 3/3
    16 | D        | Killed a scorpion
    17 | D        | Reached skill level 5 in Axes
    17 | D        | Reached XP level 5. HP: 14/53 MP: 4/4
    20 | D        | Reached skill level 6 in Axes
    63 | D        | Killed a water moccasin
   272 | D        | Noticed a wyvern
   272 | D        | Noticed a wyvern
   277 | D        | Killed a wyvern
   278 | D        | Reached skill level 8 in Axes
   278 | D        | Reached XP level 6. HP: 31/64 MP: 5/5
   281 | D        | Killed a wyvern
   282 | D        | Reached skill level 10 in Fighting
   282 | D        | Reached XP level 7. HP: 33/72 MP: 6/6
   362 | D        | Noticed a merfolk siren
   372 | D        | Killed a merfolk siren
   373 | D        | Reached skill level 10 in Axes
   373 | D        | Reached skill level 10 in Armour
   373 | D        | Reached skill level 1 in Dodging
   373 | D        | Reached skill level 10 in Shields
   382 | D        | Noticed a neqoxec
   389 | D        | Gained mutation: You are frail. (-10% HP) [a neqoxec]
   390 | D        | Gained mutation: You are very frail. (-20% HP) [a neqoxec]
   391 | D        | Killed a neqoxec
   393 | D        | Noticed a neqoxec
   393 | D        | Gained mutation: Your body sometimes deteriorates upon
                  | taking damage. [a neqoxec]
   393 | D        | Noticed a neqoxec
   393 | D        | Noticed a neqoxec
   400 | D        | Gained mutation: You are clumsy. (Dex -2) [a neqoxec]
   407 | D        | Gained mutation: You have supernaturally acute eyesight.
                  | (SInv) [a neqoxec]
   409 | D        | Killed a neqoxec
   410 | D        | Reached skill level 11 in Axes
   410 | D        | Reached XP level 8. HP: 41/65 MP: 7/7
   416 | D        | Gained mutation: Potions are less effective at restoring
                  | your health. [a neqoxec]
   419 | D        | Gained mutation: Armour fits poorly on your strangely
                  | shaped body. [a neqoxec]
   437 | D        | Found Gyp Kuoh's Distillery.
   437 | D        | Found Heolefen's Antique Armour Shoppe.
   437 | D        | Found Pischog's Distillery.
   437 | D        | Found Kukkin's Antique Weapon Shoppe.
   437 | D        | Found Waozem's Antique Armour Shoppe.
   438 | D        | Found Saol's Jewellery Shoppe.
   438 | D        | Found Kugoc's Distillery.
   563 | D        | Found Zuisuo's Distillery.
   563 | D        | Found Idedd's Magic Scroll Emporium.
   563 | D        | Found Kuhienoott's Jewellery Emporium.
   568 | D        | Reached skill level 12 in Axes
   574 | D        | Noticed a flying skull
   574 | D        | Noticed a centaur warrior
   574 | D        | Noticed Kirke
   574 | D        | Noticed a flying skull
   574 | D        | Noticed a yaktaur captain
   574 | D        | Noticed a flying skull
   574 | D        | Noticed a flying skull
   575 | D        | Noticed a skeletal warrior
   577 | D        | Shot with a bolt by a yaktaur captain

Illustrated notes

Levels and vault maps discovered:
D:        the_violet_keep_of_menkaure [sprint2_stairs_cluster_1,
          sprint2_shoproom, sprint2_temple, sprint2_basic_supplies,
          sprint2_obstacle_3, sprint2_obstacle_5, sprint2_obstacle_1,
          sprint2_obstacle_2, sprint2_obstacle_6, sprint2_timed_cluster_1,
          sprint2_smallroom_cluster_1, sprint2_smallroom_final_cluster_1,
          sprint2_transparent_cluster_1, sprint2_second_timed_cluster_1,
          sprint2_sniper_area_1, sprint2_heavy_combat_area_1,
          sprint2_mutation_trap_area_1, sprint2_forest_area_1,
          sprint2_light_combat_area_1, sprint2_behind_water_1,
          sprint2_near_end_vault_1]

Skill      XL: |  1  2  3  4  5  6  7  8 |
---------------+-------------------------+-----
Fighting       | 6 7 8 9 10 11 | 11.8
Axes           | 3 4 5 8 11 12 | 12.2
Armour         | 6 7 9 10 11 | 11.1
Shields        | 6 7 9 10 11 | 11.1
Dodging        | 1 2 |  2.4

Action                   |  1- 3 |  4- 6 |  7- 9 || total
-------------------------+-------+-------+-------++-------
Melee: War axe           |    10 |    16 |    47 ||    73
       Headbutt          |     2 |     3 |    10 ||    15
  Use: Potion            |     1 |       |       ||     1
Armor: Scale mail        |     3 |     5 |     4 ||    12
Dodge: Dodged            |     2 |     3 |     9 ||    14
Block: Kite shield       |     2 |     8 |    13 ||    23
